TOP OF THE 1ST |
Bismarck Barons batting - Pitching for San Diego Smashers : RHP Carlos Trujillo
|
Pitching: RHP Carlos Trujillo
|
|
Batting: LHB John Frost
|
0-0: Ball 1-0: Ball 2-0: Called Strike 2-1: Bunt missed! 2-2: Ball 3-2: Ground out 3-1 (Groundball, 34)
|
Batting: RHB Norm Francis
|
0-0: Ball 1-0: Ball 2-0: Foul Ball, location: 2F 2-1: Ball 3-1: Called Strike 3-2: Foul Ball, location: 2F 3-2: Strikes out swinging
|
Batting: RHB Eric Fuller
|
0-0: Foul Ball, location: 2F 0-1: Ball 1-1: Ball 2-1: Reached on error, E5 (Groundball, 5S)
|
Batting: SHB António De La Cruz
|
0-0: Ball 1-0: Ball 2-0: Ball 3-0: Called Strike 3-1: Foul Ball, location: 2F 3-2: Base on Balls Eric Fuller to second
|
Batting: RHB Seiji Kouno
|
0-0: Ball 1-0: Ball 2-0: Called Strike 2-1: Ball 3-1: Base on Balls Eric Fuller to third António De La Cruz to second
|
Batting: RHB Herb Bunch
|
0-0: Ball 1-0: Ball 2-0: Ground out 6-3 (Groundball, 6)
|
Top of the 1st over - 0 run(s), 0 hit(s), 1 error(s), 3 left on base; Bismarck 0 - San Diego 0 |
BOTTOM OF THE 1ST |
San Diego Smashers batting - Pitching for Bismarck Barons : RHP Ignacio Torres
|
Pitching: RHP Ignacio Torres
|
|
Batting: RHB António López
|
0-0: Called Strike 0-1: Ball 1-1: Ball 2-1: SINGLE (Line Drive, 78M)
|
Batting: LHB Karl Hill
|
0-0: Called Strike António López steals 2nd base 0-1: Swinging Strike 0-2: Strikes out looking
|
Batting: RHB Alfredo López
|
0-0: Ball 1-0: Foul Ball, location: 2F 1-1: Foul Ball, location: 2F 1-2: Strikes out swinging
|
Batting: RHB Phil White
|
0-0: Ball 1-0: DOUBLE (Groundball, 5L) António López scores
|
Batting: RHB Marty Hendrickson
|
0-0: Ball 1-0: Swinging Strike 1-1: Ground out 5-3 (Groundball, 5L)
|
Bottom of the 1st over - 1 run(s), 2 hit(s), 0 error(s), 1 left on base; Bismarck 0 - San Diego 1 |
TOP OF THE 2ND |
Bismarck Barons batting - Pitching for San Diego Smashers : RHP Carlos Trujillo
|
Batting: RHB Pancho Torres
|
0-0: Ball 1-0: Called Strike 1-1: Ball 2-1: Ball 3-1: Swinging Strike 3-2: Strikes out swinging
|
Batting: RHB Michael Thomas
|
0-0: SINGLE (Groundball, 6MD)
|
Batting: LHB Jorge Fernández
|
0-0: Called Strike 0-1: Fly out, F8 (Flyball, 8RM)
|
Batting: LHB John Frost
|
0-0: Called Strike 0-1: DOUBLE (Groundball, 3D) Michael Thomas to third Runner from 3rd tries for Home, SAFE, no throw or cutoff
|
Batting: RHB Norm Francis
|
0-0: Foul Ball, location: 2F 0-1: Swinging Strike 0-2: Strikes out swinging
|
Top of the 2nd over - 1 run(s), 2 hit(s), 0 error(s), 1 left on base; Bismarck 1 - San Diego 1 |
BOTTOM OF THE 2ND |
San Diego Smashers batting - Pitching for Bismarck Barons : RHP Ignacio Torres
|
Batting: RHB Fred Ameris
|
0-0: Ball 1-0: Ball 2-0: Called Strike 2-1: Foul Ball, location: 2F 2-2: Ground out 6-3 (Groundball, 6)
|
Batting: RHB Jorge Collazo
|
0-0: Called Strike 0-1: Swinging Strike 0-2: Strikes out swinging
|
Batting: RHB John Bryant
|
0-0: Fly out, F7 (Line Drive, 7D)
|
Bottom of the 2nd over - 0 run(s), 0 hit(s), 0 error(s), 0 left on base; Bismarck 1 - San Diego 1 |
TOP OF THE 3RD |
Bismarck Barons batting - Pitching for San Diego Smashers : RHP Carlos Trujillo
|
Batting: RHB Eric Fuller
|
0-0: Called Strike 0-1: Ball 1-1: SINGLE (Flyball, 8LS)
|
Batting: SHB António De La Cruz
|
0-0: Ball 1-0: Called Strike 1-1: Foul Ball, location: 2F 1-2: Grounds into double play, U6-3 (Groundball, 6M)
|
Batting: RHB Seiji Kouno
|
0-0: Ball 1-0: Swinging Strike 1-1: Ball 2-1: Fly out, F8 (Flyball, 8RS)
|
Top of the 3rd over - 0 run(s), 1 hit(s), 0 error(s), 0 left on base; Bismarck 1 - San Diego 1 |
BOTTOM OF THE 3RD |
San Diego Smashers batting - Pitching for Bismarck Barons : RHP Ignacio Torres
|
Batting: LHB Francisco Medina
|
0-0: Ball 1-0: Ball 2-0: Swinging Strike 2-1: Ball 3-1: Ground out 4-3 (Groundball, 4S)
|
Batting: RHB António López
|
0-0: Called Strike 0-1: SOLO HOME RUN (Flyball, 89XD), Distance : 406 ft
|
Batting: LHB Karl Hill
|
0-0: Ball 1-0: SOLO HOME RUN (Line Drive, 9LD), Distance : 376 ft
|
Batting: RHB Alfredo López
|
0-0: Ground out 4-3 (Groundball, 4)
|
Batting: RHB Phil White
|
0-0: Fly out, F7 (Flyball, 7D)
|
Bottom of the 3rd over - 2 run(s), 2 hit(s), 0 error(s), 0 left on base; Bismarck 1 - San Diego 3 |
TOP OF THE 4TH |
Bismarck Barons batting - Pitching for San Diego Smashers : RHP Carlos Trujillo
|
Batting: RHB Herb Bunch
|
0-0: Ball 1-0: Swinging Strike 1-1: Ball 2-1: Foul Ball, location: 2F 2-2: Strikes out swinging
|
Batting: RHB Pancho Torres
|
0-0: Called Strike 0-1: Called Strike 0-2: Strikes out swinging
|
Batting: RHB Michael Thomas
|
0-0: Ball 1-0: Ball 2-0: Ball 3-0: Base on Balls
|
Batting: LHB Jorge Fernández
|
0-0: Ball Michael Thomas is caught stealing 2nd base
|
Top of the 4th over - 0 run(s), 0 hit(s), 0 error(s), 0 left on base; Bismarck 1 - San Diego 3 |
BOTTOM OF THE 4TH |
San Diego Smashers batting - Pitching for Bismarck Barons : RHP Ignacio Torres
|
Batting: RHB Marty Hendrickson
|
0-0: Ball 1-0: Ball 2-0: Ball 3-0: Called Strike 3-1: Fly out, F3 (Popup, 3)
|
Batting: RHB Fred Ameris
|
0-0: Ball 1-0: Called Strike 1-1: Foul Ball, location: 2F 1-2: Ball 2-2: Ball 3-2: Foul Ball, location: 2F 3-2: SOLO HOME RUN (Flyball, 8RXD), Distance : 440 ft
|
Batting: RHB Jorge Collazo
|
0-0: Ball 1-0: Foul Ball, location: 2F 1-1: SINGLE (Groundball, 34)
|
Batting: RHB John Bryant
|
0-0: Ball 1-0: Ball Jorge Collazo steals 2nd base 2-0: Called Strike 2-1: Ball 3-1: Foul Ball, location: 2F 3-2: TRIPLE (Line Drive, 8LXD) Jorge Collazo scores
|
Batting: LHB Francisco Medina
|
0-0: DOUBLE (Line Drive, 4D) John Bryant scores
|
Batting: RHB António López
|
0-0: Called Strike 0-1: Ball 1-1: Called Strike 1-2: Fly out, F9 (Flyball, 89D) Runner from 2nd tags up, SAFE at 3rd, no throw
|
Batting: LHB Karl Hill
|
0-0: Foul Ball, location: 2F 0-1: Ball 1-1: Ball 2-1: Foul Ball, location: 2F 2-2: Strikes out looking
|
Bottom of the 4th over - 3 run(s), 4 hit(s), 0 error(s), 1 left on base; Bismarck 1 - San Diego 6 |
TOP OF THE 5TH |
Bismarck Barons batting - Pitching for San Diego Smashers : RHP Carlos Trujillo
|
Batting: LHB Jorge Fernández
|
0-0: Ball 1-0: Foul Ball, location: 2F 1-1: Ground out 4-3 (Groundball, 34)
|
Batting: LHB John Frost
|
0-0: Foul Ball, location: 2F 0-1: Foul Ball, location: 2F 0-2: Ball 1-2: Ball 2-2: Ground out 6-3 (Groundball, 56D)
|
Batting: RHB Norm Francis
|
0-0: Foul Ball, location: 2F 0-1: Swinging Strike 0-2: Ball 1-2: Strikes out looking
|
Top of the 5th over - 0 run(s), 0 hit(s), 0 error(s), 0 left on base; Bismarck 1 - San Diego 6 |
BOTTOM OF THE 5TH |
San Diego Smashers batting - Pitching for Bismarck Barons : RHP Ignacio Torres
|
Batting: RHB Alfredo López
|
0-0: Ball 1-0: DOUBLE (Flyball, 7D)
|
Batting: RHB Phil White
|
0-0: Fly out, F5 (Popup, 5)
|
Batting: RHB Marty Hendrickson
|
0-0: Foul Ball, location: 2F 0-1: Ball 1-1: Ball 2-1: Ball 3-1: Fly out, F5 (Popup, 5)
|
Batting: RHB Fred Ameris
|
0-0: Called Strike 0-1: Called Strike 0-2: Ball 1-2: Ball 2-2: Ball 3-2: Base on Balls
|
Batting: RHB Jorge Collazo
|
0-0: Ball 1-0: Ball 2-0: Foul Ball, location: 2F 2-1: Swinging Strike 2-2: Ball 3-2: Ground out 3-1 (Groundball, 34S)
|
Bottom of the 5th over - 0 run(s), 1 hit(s), 0 error(s), 2 left on base; Bismarck 1 - San Diego 6 |
TOP OF THE 6TH |
Bismarck Barons batting - Pitching for San Diego Smashers : RHP Carlos Trujillo
|
Batting: RHB Eric Fuller
|
0-0: Ball 1-0: Ball 2-0: Ball 3-0: Base on Balls
|
Batting: SHB António De La Cruz
|
0-0: Swinging Strike 0-1: Swinging Strike 0-2: Ball 1-2: Strikes out swinging
|
Batting: RHB Seiji Kouno
|
0-0: DOUBLE (Line Drive, 7D) Eric Fuller to third
|
Pitching: LHP Jesús Martínez
|
|
Batting: RHB Herb Bunch
|
0-0: Ball 1-0: Called Strike 1-1: Ball 2-1: Swinging Strike 2-2: Ball 3-2: Base on Balls
|
Batting: RHB Pancho Torres
|
0-0: Ball 1-0: Ball 2-0: Ball 3-0: Called Strike 3-1: Base on Balls Eric Fuller scores Seiji Kouno to third Herb Bunch to second
|
Batting: RHB Michael Thomas
|
0-0: Ball 1-0: Foul Ball, location: 2F 1-1: Called Strike 1-2: Strikes out swinging
|
Batting: LHB Jorge Fernández
|
0-0: Ball 1-0: SINGLE (Groundball, 3D) Seiji Kouno scores Herb Bunch to third Pancho Torres to second Runner from 3rd tries for Home, SAFE, throw made home Pancho Torres to third Jorge Fernández to second
|
Batting: LHB John Frost
|
0-0: Foul Ball, location: 2F 0-1: Ball 1-1: Swinging Strike 1-2: Ball 2-2: Ball 3-2: Foul Ball, location: 2F 3-2: Base on Balls
|
Batting: RHB Norm Francis
|
0-0: Swinging Strike 0-1: Ball 1-1: Ground out 6-3 (Groundball, 6)
|
Top of the 6th over - 3 run(s), 2 hit(s), 0 error(s), 3 left on base; Bismarck 4 - San Diego 6 |
BOTTOM OF THE 6TH |
San Diego Smashers batting - Pitching for Bismarck Barons : RHP Ignacio Torres
|
Batting: RHB John Bryant
|
0-0: Called Strike 0-1: Ball 1-1: Foul Ball, location: 2F 1-2: Fly out, F4 (Popup, 34D)
|
Batting: LHB Francisco Medina
|
0-0: Ball 1-0: Fly out, F4 (Popup, 4)
|
Batting: RHB António López
|
0-0: SINGLE (Groundball, 4M)
|
Batting: LHB Karl Hill
|
0-0: Fly out, F4 (Line Drive, 4)
|
Bottom of the 6th over - 0 run(s), 1 hit(s), 0 error(s), 1 left on base; Bismarck 4 - San Diego 6 |
TOP OF THE 7TH |
Bismarck Barons batting - Pitching for San Diego Smashers : LHP Jesús Martínez
|
Batting: RHB Eric Fuller
|
0-0: Called Strike 0-1: Swinging Strike 0-2: Ball 1-2: Strikes out swinging
|
Batting: SHB António De La Cruz
|
0-0: Ball 1-0: Ball 2-0: Ball 3-0: Called Strike 3-1: Swinging Strike 3-2: Foul Ball, location: 2F 3-2: Foul Ball, location: 2F 3-2: Base on Balls
|
Batting: RHB Seiji Kouno
|
0-0: Hit by Pitch António De La Cruz to second
|
Batting: RHB Herb Bunch
|
0-0: Ball 1-0: Grounds into double play, 3-6-3 (Groundball, 3)
|
Top of the 7th over - 0 run(s), 0 hit(s), 0 error(s), 1 left on base; Bismarck 4 - San Diego 6 |
BOTTOM OF THE 7TH |
San Diego Smashers batting - Pitching for Bismarck Barons : RHP Ignacio Torres
|
Pitching: RHP Gene McNeil
|
|
Batting: RHB Alfredo López
|
0-0: Ball 1-0: Ball 2-0: Called Strike 2-1: Foul Ball, location: 2F 2-2: Ball 3-2: Base on Balls
|
Batting: RHB Phil White
|
0-0: Called Strike 0-1: Foul Ball, location: 2F 0-2: Foul Ball, location: 2F 0-2: Ball 1-2: Fly out, F9 (Flyball, 9M)
|
Batting: RHB Marty Hendrickson
|
0-0: Foul Ball, location: 2F 0-1: Fly out, F9 (Flyball, 89D)
|
Batting: RHB Fred Ameris
|
0-0: Called Strike 0-1: Ball 1-1: Swinging Strike 1-2: Strikes out swinging
|
Bottom of the 7th over - 0 run(s), 0 hit(s), 0 error(s), 1 left on base; Bismarck 4 - San Diego 6 |
TOP OF THE 8TH |
Bismarck Barons batting - Pitching for San Diego Smashers : LHP Jesús Martínez
|
Batting: RHB Pancho Torres
|
0-0: Ground out 4-3 (Groundball, 4)
|
Pitching: LHP Raymond Ritchie
|
|
Batting: RHB Michael Thomas
|
0-0: Called Strike 0-1: Called Strike 0-2: Strikes out looking
|
Batting: LHB Jorge Fernández
|
0-0: Ball 1-0: Fly out, F4 (Line Drive, 4)
|
Top of the 8th over - 0 run(s), 0 hit(s), 0 error(s), 0 left on base; Bismarck 4 - San Diego 6 |
BOTTOM OF THE 8TH |
San Diego Smashers batting - Pitching for Bismarck Barons : RHP Gene McNeil
|
Batting: RHB Jorge Collazo
|
0-0: Ball 1-0: Called Strike 1-1: Ball 2-1: Ball 3-1: Foul Ball, location: 2F 3-2: Strikes out swinging
|
Batting: RHB John Bryant
|
0-0: Ball 1-0: Ball 2-0: Ball 3-0: Foul Ball, location: 2F 3-1: Foul Ball, location: 2F 3-2: Foul Ball, location: 2F 3-2: Strikes out looking
|
Batting: LHB Francisco Medina
|
0-0: Foul Ball, location: 2F 0-1: Foul Ball, location: 2F 0-2: Strikes out swinging
|
Bottom of the 8th over - 0 run(s), 0 hit(s), 0 error(s), 0 left on base; Bismarck 4 - San Diego 6 |
TOP OF THE 9TH |
Bismarck Barons batting - Pitching for San Diego Smashers : LHP Raymond Ritchie
|
Pitching: RHP Bill Elliott
|
|
Batting: LHB John Frost
|
0-0: Fly out, F4 (Line Drive, 4MD)
|
Batting: RHB Norm Francis
|
0-0: Ball 1-0: Ball 2-0: Ball 3-0: Base on Balls
|
Batting: RHB Eric Fuller
|
0-0: Ball 1-0: Ball 2-0: Ball 3-0: Base on Balls Norm Francis to second
|
Batting: SHB António De La Cruz
|
0-0: Ball 1-0: Ground out U3 (Groundball, 3S) Norm Francis to third Eric Fuller to second
|
Batting: RHB Seiji Kouno
|
0-0: Ball 1-0: Swinging Strike 1-1: Swinging Strike 1-2: Ball 2-2: Ball 3-2: Base on Balls
|
Pinch Hitting: RHB Roberto García
|
0-0: Ball 1-0: Swinging Strike 1-1: Called Strike 1-2: Ball 2-2: Ball 3-2: Foul Ball, location: 2F 3-2: Foul Ball, location: 2F 3-2: Base on Balls Norm Francis scores Eric Fuller to third Seiji Kouno to second
|
Pinch Hitting: RHB David Canseco
|
0-0: Ball 1-0: Called Strike 1-1: Foul Ball, location: 2F 1-2: Strikes out swinging
|
Top of the 9th over - 1 run(s), 0 hit(s), 0 error(s), 3 left on base; Bismarck 5 - San Diego 6 |
|